 Dungeon Crawl Stone Soup version 0.16-a0-3029-g57b17b4 (webtiles) character file.

140 Kemay the Sneak (level 5, -2/33 HPs)
             Began as an Octopode Transmuter on Dec 8, 2014.
             Was an Initiate of Sif Muna.
             Killed from afar by an orc wizard (10 damage)
             ... with a puff of flame
             ... on level 3 of the Dungeon.
             The game lasted 00:11:51 (3966 turns).

Kemay the Sneak (Octopode Transmuter)               Turns: 3966, Time: 00:11:52

Health: -2/33      AC:  1    Str: 10    XL:     5   Next: 23%
Magic:  9/9        EV: 13    Int: 16    God:    Sif Muna [......]
Gold:   128        SH:  0    Dex: 12    Spells: 1 memorised, 7 levels left

rFire  . . .     SeeInvis .     k - +3 mace (holy)
rCold  . . .     Clarity  .     (no shield)
rNeg   . . .     SustAb   .     (helmet restricted)
rPois  .         Gourm    .     (no amulet)
rElec  .         Spirit   .     (no ring)
rCorr  .         Warding  .     (no ring)
rMut   .         Stasis   .     (no ring)
MR     .....                    (no ring)
Stlth  ++++......               (no ring)
                                (no ring)
                                (no ring)
                                (no ring)

@: not resistant to hostile enchantments, stealthy
A: almost no armour, amphibious, 8 rings, constrict 8, camouflage 1, gelatinous
body 1
a: Renounce Religion


You were on level 3 of the Dungeon.
You worshipped Sif Muna.
Sif Muna was noncommittal.
You were not hungry.

You visited 1 branch of the dungeon, and saw 3 of its levels.

You collected 128 gold pieces.

Inventory:

Hand weapons
 k - a +3 mace of holy wrath (weapon)
Scrolls
 b - a scroll of recharging
 g - 2 scrolls of fear
 i - a scroll of magic mapping
 n - a scroll of identify
Potions
 e - a potion of agility
 f - a potion of restore abilities {unknown}
 j - a potion of flight
 p - 2 potions of curing
Books
 d - a book of Changes

   Spells                             Type                      Level
   a - Beastly Appendage              Transmutation                1
   b - Sticks to Snakes               Transmutation                2
   c - Spider Form                    Transmutation/Poison         3
   d - Ice Form                       Ice/Transmutation            4
   e - Blade Hands                    Transmutation                5
Comestibles
 a - 3 bread rations
 c - 2 meat rations
 h - 2 beef jerkies
 l - 4 fruits
 m - 4 chunks of flesh


   Skills:
 - Level 1.0 Fighting
 + Level 4.0 Dodging
 + Level 4.6 Stealth
 - Level 3.0 Unarmed Combat
 - Level 2.0 Spellcasting
 - Level 2.0 Transmutations


You had 7 spell levels left.
You knew the following spells:

 Your Spells              Type           Power        Failure   Level  Hunger
a - Beastly Appendage     Trmt           #.....       10%         1    #......


Dungeon Overview and Level Annotations

Branches:
Dungeon (3/15)

Altars:
Sif Muna

Annotations:
D:2 Sigmund


Innate Abilities, Weirdness & Mutations

You cannot wear most types of armour.
You are amphibious.
You can wear up to eight rings at the same time.
You can use your tentacles to constrict many enemies at once.
Your skin changes colour to match your surroundings (Stealth).
Your rubbery body absorbs attacks (AC +1).


Message History

The orc wizard completely misses you.
You swing at nothing.
The orc wizard hits you but does no damage.
The orc wizard hits you with a dagger.
You swing at nothing.
You feel less confused. The orc wizard misses you.
You hit the orc wizard but do no damage.
Your grab misses the orc wizard. You squeeze the orc wizard.
The orc wizard is moderately wounded.
The orc wizard barely misses you. The orc wizard hits you with a dagger.
You closely miss the orc wizard. You grab the orc wizard.
Your tentacle-slap misses the orc wizard.
The orc wizard is moderately wounded.
You constrict the orc wizard. The orc wizard hits you with a dagger.
* * * LOW HITPOINT WARNING * * *
You release your grip on the orc wizard.
The orc wizard gestures at you while chanting.
The puff of flame hits you!
You die...

..'......+.....#..###....####.#
..#......###.#.#..............#
..'......###...#.####.##.########
..#............#.# #...[.o......
..#............#.#######.########
..#.........................(.(..
..#............#o#######)########
..#..............#######)#####
..#.............@##..........####
..#...........#..##......(...'...
###...)....?..#.>##..........###.
#################..........###'
#.............. #..............
#.............. #..............
#..............


You could see an orc wizard.

Vanquished Creatures
  Crazy Yiuf (D:2)
  Ijyb (D:3)
  Robin (D:2)
  An adder (D:3)
  3 orcs (D:3)
  5 giant cockroaches
  12 hobgoblins
  4 jackals (D:3)
  A ball python (D:2)
  7 bats
  3 giant geckos
  2 giant newts
  12 goblins
  7 kobolds
  11 rats
  5 fungi (D:2)
76 creatures vanquished.

Notes
Turn   | Place    | Note
--------------------------------------------------------------
     0 | D:1      | Kemay, the Octopode Transmuter, began the quest for the Orb.
     0 | D:1      | Reached XP level 1. HP: 13/13 MP: 3/3
   185 | D:1      | Reached skill level 1 in Stealth
   230 | D:1      | Reached XP level 2. HP: 16/18 MP: 4/4
   766 | D:2      | Noticed Robin
  1099 | D:2      | Reached XP level 3. HP: 3/23 MP: 4/6
  1628 | D:2      | Killed Robin
  1876 | D:2      | Noticed Sigmund
  2100 | D:2      | Reached XP level 4. HP: 28/28 MP: 5/7
  2467 | D:2      | Noticed Crazy Yiuf
  2477 | D:2      | Killed Crazy Yiuf
  2512 | D:2      | HP: 1/28 [poisoned by Crazy Yiuf]
  2517 | D:2      | HP: 1/28 [poisoned by Crazy Yiuf]
  2894 | D:3      | Noticed an orc warrior
  2971 | D:3      | Reached skill level 4 in Stealth
  3641 | D:3      | Noticed Ijyb
  3652 | D:3      | Killed Ijyb
  3652 | D:3      | Reached XP level 5. HP: 28/33 MP: 7/9
  3840 | D:3      | Found a deep blue altar of Sif Muna.
  3863 | D:3      | Became a worshipper of Sif Muna the Loreminder
  3966 | D:3      | Killed from afar by an orc wizard

Action                   |  1- 3 |  4- 6 || total
-------------------------+-------+-------++-------
Melee: Unarmed           |    94 |       ||    94
       Mace              |    20 |    57 ||    77
Throw: Javelin           |       |    19 ||    19
 Cast: Beastly Appendage |    26 |    11 ||    37
 Abil: End Transformatio |     1 |       ||     1
  Use: Scroll            |     4 |     2 ||     6
       Potion            |     3 |       ||     3
 Stab: Sleeping          |     4 |     3 ||     7
  Eat: Chunk             |     4 |     2 ||     6
       Bread ration      |       |     1 ||     1
